 Dungeon Crawl Stone Soup version 0.30-a0-23-ge60ba3568b (webtiles) character file.

Game seed: 12342792737823527266

1334 Spectrina the Thaumaturge (level 8, -1/51 HPs)
             Began as a Djinni Venom Mage on Aug 24, 2022.
             Slain by a troll (5 damage)
             ... on level 6 of the Dungeon.
             The game lasted 00:23:57 (1907 turns).

Spectrina the Thaumaturge (Djinni Venom Mage)       Turns: 1907, Time: 00:23:57

Health: -1/51      AC:  7    Str:  7    XL:     8   Next: 92%
Gold:   189        EV: 12    Int: 20    God:
                   SH:  0    Dex: 19

rFire   + + .      SeeInvis .    c - +0 sling
rCold   . . .      Faith    .    (no shield)
rNeg    . . .      Spirit   .    i - +3 leather armour {rC+}
rPois   ∞          Reflect  .    (no helmet)
rElec   .          Harm     .    (no cloak)
rCorr   .          Rampage  .    e - +0 pair of gloves
Will    .....                    (boots unavailable)
Stlth   ++........               (no amulet)
HPRegen 0.17/turn                x - +6 ring of dexterity
MPRegen 0.00/turn                (no ring)

@: flying
A: sickness immunity, fire resistance 2, cold vulnerability 1, float, innate
caster, HP casting, extra vitality 1
a: no special abilities


You were on level 6 of the Dungeon.
You visited 2 branches of the dungeon, and saw 7 of its levels.

You collected 189 gold pieces.

Inventory:

Hand Weapons
 b - a +0 quarterstaff
 c - a +0 sling (weapon)
 o - a +1 scythe of pain
 w - a +2 flail of draining
Armour
 a - a +0 robe
 e - a +0 pair of gloves (worn)
 i - a +3 leather armour of cold resistance (worn)
 r - a +2 robe of positive energy
Jewellery
 x - a +6 ring of dexterity (left hand)
Scrolls
 g - 2 scrolls of fear {unknown}
 j - a scroll of noise {unknown}
 l - 2 scrolls of vulnerability {unknown}
 p - 2 scrolls of poison {unknown}
 q - a scroll of amnesia {unknown}
 t - a scroll of immolation {unknown}
 u - a scroll of butterflies {unknown}
Potions
 d - 4 potions of lignification {unknown}
 f - a potion of mutation {unknown}
 h - a potion of ambrosia
 k - a potion of brilliance
 m - a potion of heal wounds
 n - 2 potions of attraction {unknown}
 s - a potion of resistance {unknown}
 v - a potion of curing


   Skills:
 + Level 0.6 Fighting
 + Level 2.4 Dodging
 + Level 1.8 Stealth
 * Level 8.1 Spellcasting
 + Level 0.6 Invocations


You had 7 spell levels left.
You knew the following spells:

 Your Spells              Type           Power      Damage    Failure   Level
a - Sting                 Tmut/Pois      100%       1d8       1%          1
f - Magic Dart            Conj           100%       1d8       1%          1
k - Dazzling Flash        Conj/Hex       80%        N/A       1%          3
l - Mephitic Cloud        Conj/Pois/Air  40%        N/A       1%          3
q - Poisonous Vapours     Pois/Air       80%        N/A       1%          2
w - Olgreb's Toxic Radia  Pois           40%        N/A       4%          4
x - Blink                 Tloc           80%        N/A       1%          2
Your spell library was empty.

Dungeon Overview and Level Annotations

Branches:
Dungeon (6/15)             Temple (1/1) D:4

Altars:
Dithmenos
Elyvilon
Fedhas
Makhleb
Qazlal
Trog
Xom
Yredelemnul

Shops:
D:3 =

Annotations:
D:4 Natasha


Innate Abilities, Weirdness & Mutations

You are immune to sickness and miasma.
You are immune to poison.
Your flesh is very heat resistant. (rF++)
You are vulnerable to cold. (rC-)
You float through the air rather than walking.
You learn spells naturally, not from books.
Your magical power is your life essence.
You have superior vitality. (+4 MHP)


Message History

Aim: a troll (heavily wounded, confused, very poisoned, 77% to hit)
You shoot a sling bullet.
The sling bullet barely misses the troll.
Unknown command.
Casting: Sting (safe; 1% risk of failure)
Confirm with . or Enter, or press ? or * to list all spells.
Aiming: Sting (safe; 1% risk of failure)
Press: ? - help, Shift-Dir - straight line, f/p - troll
Aim: a troll (heavily wounded, confused, very poisoned, 92% to hit)
The sting hits the troll.
The troll looks as sick as possible!
The troll is heavily wounded.
* * * LOW HITPOINT WARNING * * *
Unknown command.
Casting: Sting (safe; 1% risk of failure)
Confirm with . or Enter, or press ? or * to list all spells.
Aiming: Sting (safe; 1% risk of failure)
Press: ? - help, Shift-Dir - straight line, f/p - troll
Aim: a troll (heavily wounded, confused, extremely poisoned, 92% to hit)
The sting hits the troll.
The troll looks as sick as possible!
The troll is heavily wounded.
* * * LOW HITPOINT WARNING * * *
Unknown command.
Found a bone quarterstaff.
Unknown command.
Casting: Sting (safe; 1% risk of failure)
Confirm with . or Enter, or press ? or * to list all spells.
Aiming: Mephitic Cloud (safe; 1% risk of failure)
Press: ? - help, Shift-Dir - straight line, p - troll The ball explodes into a vile cloud!
The stinking cloud engulfs you but does no damage.
The stinking cloud engulfs the troll but does no damage.
The troll is heavily wounded.
* * * LOW HITPOINT WARNING * * *
You hear an angry hiss.
You hear a shout! x3
The troll is engulfed in noxious fumes.
Unknown command.
Found a stone staircase leading down.
The troll is engulfed in noxious fumes.
The troll attacks as you move away! The troll bites you but does no damage.
The troll claws you.
You die...

# ... # ##.. .. .
###... #.)# # ....
...# #..# # #...
...# #(.# # ..#
#..###..# #
.#.####.# #.. ....
## #).....@# #.#
#.####. .>.####T#
#.# ##......
#○#####.###...####
#°○....†).....'...
#######<†##...####
#..###...... #..#
#.####. #..# #.#
#..# #.#


You could see a troll (extremely poisoned).

Vanquished Creatures
  Sigmund (D:3)
  Eustachio (D:4)
  Edmund (D:4)
  Duvessa (D:4)
  A black bear (D:4)
  An ogre (D:3)
  Blork the orc (D:4)
  A bullfrog (D:4)
  2 scorpions
  Dowan (D:4)
  2 orc priests
  2 hounds (D:4)
  Natasha (D:4)
  2 iguanas (D:6)
  2 orc wizards (D:5)
  3 adders
  An ufetubus (D:5)
  2 worms
  5 dart slugs
  11 orcs
  4 endoplasms
  2 giant cockroaches
  3 goblins
  A hobgoblin (D:4)
  2 jackals (D:4)
  A kobold (D:3)
  2 quokkas (D:4)
  3 ball pythons
  2 bats
  A frilled lizard (D:3)
  4 rats
67 creatures vanquished.

Notes
Turn   | Place    | Note
-------+----------+-------------------------------------------
     0 | D:1      | Spectrina the Djinni Venom Mage began the quest for the
                  | Orb.
     0 | D:1      | Spectrina set off with the following spells memorised:
                  | Sting, Poisonous Vapours, Mephitic Cloud, Olgreb's Toxic
                  | Radiance.
     0 | D:1      | Reached XP level 1. HP: 15/15 MP: 0/0
    43 | D:2      | Reached XP level 2. HP: 10/21 MP: 0/0
   186 | D:4      | Noticed Natasha
   191 | D:4      | Killed Natasha
   192 | D:4      | Reached skill level 3 in Spellcasting
   192 | D:4      | Reached XP level 3. HP: 10/25 MP: 0/0
   192 | D:4      | Learned a level 1 spell: Magic Dart
   241 | D:4      | Found a staircase to the Ecumenical Temple.
   272 | Temple   | Entered the Ecumenical Temple
   336 | D:4      | Noticed a bullfrog
   361 | D:4      | Reached XP level 4. HP: 4/31 MP: 0/0
   400 | D:4      | Noticed a scorpion
   408 | D:4      | Killed a scorpion
   409 | D:4      | Reached skill level 4 in Spellcasting
   409 | D:4      | Reached XP level 5. HP: 7/35 MP: 0/0
   409 | D:4      | Learned a level 2 spell: Blink
   455 | D:4      | Noticed Duvessa
   462 | D:4      | Noticed Dowan
   473 | D:4      | Killed Duvessa
   474 | D:4      | Reached skill level 5 in Spellcasting
   474 | D:4      | Reached XP level 6. HP: 6/40 MP: 0/0
   475 | D:4      | HP: 2/60 [Dowan/+0 dagger (4)]
   485 | D:4      | Killed Dowan
   556 | D:5      | Entered Level 5 of the Dungeon
   565 | D:4      | Noticed Edmund
   569 | D:4      | Noticed Eustachio
   621 | D:4      | Noticed Blork the orc
   621 | D:4      | Noticed Natasha
   649 | D:3      | Noticed an ogre
   664 | D:3      | Killed an ogre
   664 | D:3      | Noticed Sigmund
   717 | D:3      | Killed Sigmund
   718 | D:3      | Reached skill level 6 in Spellcasting
   718 | D:3      | Reached XP level 7. HP: 11/45 MP: 0/0
   718 | D:3      | Learned a level 3 spell: Dazzling Flash
   781 | D:3      | Found Ubieruhok's One-of-a-Kind Rings.
  1301 | D:4      | Killed Blork the orc
  1313 | D:4      | Killed Edmund
  1314 | D:4      | Reached XP level 8. HP: 13/50 MP: 0/0
  1365 | D:4      | Reached skill level 7 in Spellcasting
  1477 | D:4      | Found a shimmering altar of Xom.
  1594 | D:4      | Killed Eustachio
  1622 | D:5      | Reached skill level 8 in Spellcasting
  1854 | D:6      | Found a stormy altar of Qazlal.
  1865 | D:6      | Noticed a troll
  1907 | D:6      | Slain by a troll

Illustrated notes

Levels and vault maps discovered:
D:1:      lemuel_arrival_lava_pool, layout_basic,
          shapermc_ecumenical_altar_pompeii
D:2:      layout_loops_corners
D:3:      layout_basic, nicolae_shop_unique_rings, serial_bayou_lake_a,
          uniq_sigmund
D:4:      layout_rooms, mainiacjoe_overflow_two_lobes,
          minmay_temple_entry_mini_moons, uniq_eustachio, uniq_natasha,
          uniq_duvessa, uniq_edmund, uniq_blork_the_orc
D:5:      layout_basic
D:6:      layout_loops_ring, mainiacjoe_overflow_surrounded_room, tso_altar
Temple:   nicolae_temple_bog_church

Skill      XL: |  1  2  3  4  5  6  7  8 |
---------------+-------------------------+-----
Spellcasting   | 3 4 5 6 8 |  8.1
Fighting       | |  0.6
Dodging        | |  2.4
Stealth        | |  1.8
Invocations    | |  0.6

Action                   |  1- 3 |  4- 6 |  7- 9 || total
-------------------------+-------+-------+-------++-------
Melee: Unarmed           |       |    10 |       ||    10
       Punch             |       |     1 |       ||     1
       Halberd           |       |       |     6 ||     6
 Fire: Sling             |    10 |    20 |    48 ||    78
 Cast: Sting             |    19 |    26 |    30 ||    75
       Poisonous Vapours |     2 |     4 |    12 ||    18
       Mephitic Cloud    |     1 |     5 |     8 ||    14
       Dazzling Flash    |       |       |     9 ||     9
       Olgreb's Toxic Ra |       |       |    11 ||    11
       Magic Dart        |       |       |     1 ||     1
       Blink             |       |       |     1 ||     1
  Use: Potion            |       |     3 |       ||     3
       Scroll            |       |     2 |     1 ||     3
Armor: Robe              |     1 |     2 |       ||     3
       Leather armour    |       |     3 |    16 ||    19
Dodge: Dodged            |    19 |    11 |    38 ||    68

Table legend: (Time is in decaauts)
 A = Elapsed time spent in this place.
 B = Non-inter-level travel time spent in this place.
 C = Inter-level travel time spent in this place.
 D = Time resting spent in this place.
 E = Time spent auto-exploring this place.
 F = Levels seen in this place.
 G = Mean time per level.
                   A        B        C        D        E       F      G
               +--------+--------+--------+--------+--------+-----+--------+
         Total |   1948 |   1903 |     45 |      0 |      0 |   7 |  278.3 |
       Dungeon |   1925 |   1880 |     45 |      0 |      0 |   6 |  320.8 |
        Temple |     23 |     23 |      0 |      0 |      0 |   1 |   23.0 |
               +--------+--------+--------+--------+--------+-----+--------+

Top non-repeatable levels by time:
     D:4: 767 daAuts
     D:3: 651 daAuts
     D:5: 232 daAuts
     D:2: 190 daAuts
     D:6: 74 daAuts
  Temple: 23 daAuts
     D:1: 10 daAuts
